[Event "European School-ch 2019"]
[Site "Mamaia"]
[Date "2019.06.05"]
[Round "6.17"]
[White "Kanli, Alperen"]
[Black "Tarhan, Adar"]
[Result "1/2-1/2"]
[ECO "C84"]
[WhiteElo "1790"]
[BlackElo "1964"]
[Annotator "NA RC"]
[PlyCount "134"]
[EventDate "2019.05.31"]
[EventType "swiss"]
[EventCountry "ROU"]
[SourceTitle "playchess.com"]
[Source "ChessBase"]
[SourceQuality "1"]
[TimeControl "40/5400+30:1800+30"]

1. e4 e5 2. Nf3 Nc6 3. Bb5 a6 4. Ba4 Nf6 5. O-O Be7 6. d3 b5 7. Bb3 d6 8. a4 Bd7 9. c3 {[%emt 0:11:08] C84: Closed Ruy Lopez: Unusual White 6th moves} O-O 10. Be3 $146 ({Predecessor:} 10. Bc2 b4 11. Re1 Rb8 12. Nbd2 Re8 13. h3 d5 14. a5 Bf8 15. Bb3 bxc3 16. bxc3 dxe4 {½-½ (35) Erenburg,S (2589)-So,W (2765) chess.com INT 2019}) 10... Na5 11. Bc2 c5 12. Nbd2 Nc6 13. Re1 h6 14. Nf1 b4 15. Ng3 Be6 16. h3 bxc3 17. bxc3 Re8 18. Nh2 (18. d4 $14 exd4 19. cxd4) 18... Bf8 19. Qf3 d5 20. exd5 Bxd5 21. Ne4 Nxe4 22. dxe4 Be6 23. Nf1 Qa5 24. Bd2 Rab8 25. Rab1 Red8 26. Red1 g6 27. Be1 Ba2 28. Ra1 Be6 29. Rab1 c4 30. Ne3 Bg7 31. Rxb8 Rxb8 32. Nd5 Rb2 33. Nb4 Qb6 34. Rc1 a5 35. Nxc6 Qxc6 36. Qd1 Qd7 37. Bd2 h5 38. Kf1 Bf8 39. Rb1 Rxb1 40. Bxb1 Bh6 41. Ke2 Bxd2 42. Qxd2 Qxa4 43. f3 Qb5 44. Ba2 a4 45. g4 (45. Qc1 $142) 45... hxg4 46. hxg4 a3 47. Kd1 Qb6 48. Qe2 (48. Ke2 $142 Kh7 49. Qc1) 48... Qd6+ (48... Qg1+ $142 49. Qe1 {[#]} Qg2 $1 ) 49. Kc1 Qd3 50. Qxd3 cxd3 51. c4 f5 52. gxf5 gxf5 53. Kd2 f4 54. Kxd3 Kf7 55. Kc3 Kg6 $2 ({Black should try} 55... Bh3 $19 56. Bb3 Bf1) 56. Kb4 Kg5 57. Kxa3 Kh4 58. c5 Bd7 $11 59. Bb3 Kg3 60. Bd1 Kf2 61. Kb4 Ke1 62. Bb3 Ke2 63. c6 Bxc6 64. Kc5 Kxf3 65. Kxc6 Kxe4 66. Kd6 f3 67. Bd5+ Kd4 1/2-1/2

[Event "European School-ch 2019"]
[Site "Mamaia"]
[Date "2019.06.05"]
[Round "6.18"]
[White "Nedelcu, Teodor-Cosmin"]
[Black "Zheng, Jerry Z"]
[Result "1-0"]
[ECO "E48"]
[WhiteElo "1954"]
[BlackElo "1551"]
[Annotator "NA RC"]
[PlyCount "139"]
[EventDate "2019.05.31"]
[EventType "swiss"]
[EventCountry "ROU"]
[SourceTitle "playchess.com"]
[Source "ChessBase"]
[SourceQuality "1"]
[TimeControl "40/5400+30:1800+30"]

1. d4 Nf6 2. c4 e6 3. Nc3 Bb4 4. e3 O-O 5. Bd3 d5 6. Nge2 dxc4 7. Bxc4 c5 8. O-O cxd4 9. exd4 b6 {[%emt 0:01:18] E48: Nimzo-Indian: Rubinstein: 5 Bd3 d5 including 6 Ne2, but excluding 6 a3} (9... Nc6 10. a3 Bd6 11. h3 b6 12. Bg5 Bb7 13. d5 exd5 14. Bxd5 Be7 15. Bf3 h6 16. Bf4 Na5 17. Bxb7 Nxb7 18. Rc1 Nc5 19. Nd4 {½-½ (62) Vachier Lagrave,M (2789)-Ding,L (2791) Stavanger 2018}) 10. a3 Bd6 $146 ({Predecessor:} 10... Bxc3 11. Nxc3 Qc7 12. Be2 Bb7 13. Bg5 Ne4 14. Nb5 Qd7 15. Bf4 Nc6 16. f3 Nf6 17. Nd6 Nh5 18. Qd2 Rfd8 19. Nxb7 Nxf4 20. Qxf4 Nxd4 {1-0 (54) Moore,G-Jones,T Swansea 1970}) 11. Ng3 Bb7 12. Bg5 Nbd7 13. d5 exd5 14. Bxd5 Bxd5 15. Nxd5 Be7 16. Nxe7+ Qxe7 17. Re1 Qc5 18. Be3 Qd5 19. Qe2 Rfe8 20. Rad1 Qc6 21. Rc1 Qb7 22. Red1 Nd5 23. Qf3 N7f6 24. Bg5 Rab8 25. Nf5 Re5 26. Bxf6 Nxf6 27. Qxb7 Rxb7 28. Rc8+ Ne8 29. f4 Re6 30. Rdd8 Kf8 31. Nxg7 Kxg7 32. Rxe8 Rbe7 33. Rxe7 Rxe7 34. Kf2 Kg6 35. Kf3 h5 36. Rg8+ Kf6 37. Rg5 h4 38. Rd5 Rc7 39. Rd6+ Kg7 40. Rd2 Rc6 41. Kg4 Rf6 42. Rf2 Rh6 43. Kg5 a6 44. f5 Rd6 45. Kxh4 Rd4+ 46. g4 Rd3 47. Kg5 Rd4 48. Rc2 b5 49. h3 b4 50. axb4 Rxb4 51. Rc6 Rxb2 52. Rxa6 Rb3 53. h4 Rb4 54. h5 Rb1 55. Ra7 Rb6 56. h6+ Kg8 57. Ra8+ Kh7 58. Rf8 f6+ 59. Rxf6 Rxf6 60. Kxf6 Kxh6 61. Ke7 Kg5 62. f6 Kxg4 63. f7 Kf4 64. f8=Q+ Ke4 65. Kd6 Kd4 66. Qf4+ Kd3 67. Kc5 Ke2 68. Kc4 Ke1 69. Kd3 Kd1 70. Qd2# 1-0

[Event "European School-ch 2019"]
[Site "Mamaia"]
[Date "2019.06.05"]
[Round "6.19"]
[White "Nemsadze, Daviti"]
[Black "Gurel, Ediz"]
[Result "1/2-1/2"]
[ECO "E18"]
[WhiteElo "1803"]
[BlackElo "1914"]
[Annotator "NA RC"]
[PlyCount "90"]
[EventDate "2019.05.31"]
[EventType "swiss"]
[EventCountry "ROU"]
[SourceTitle "playchess.com"]
[Source "ChessBase"]
[SourceQuality "1"]
[TimeControl "40/5400+30:1800+30"]

1. d4 Nf6 2. c4 e6 3. Nf3 b6 4. g3 Bb7 5. Bg2 Be7 6. O-O O-O 7. Nc3 Ne4 8. Nd2 {[%emt 0:01:53] E18: Queen's Indian: Old Main Line (4 g3 Bb7 5 Bg2 Be7 6 0-0 0-0 7 Nc3)} (8. Bd2 f5 9. Ne5 Bf6 10. Nxe4 Bxe4 11. Bc3 Bxg2 12. Kxg2 d5 13. cxd5 Qxd5+ 14. Nf3 {½-½ (14) Berkes,F (2661)-Abasov,N (2629) Hungary 2019}) 8... Nxc3 9. bxc3 Bxg2 10. Kxg2 d5 11. e4 $146 ({Predecessor:} 11. cxd5 Qxd5+ 12. e4 Qb7 13. Qe2 Rd8 14. Nf3 c5 15. Rd1 Na6 {1-0 (52) Ostojic,K (1964)-Abramovic,B (2420) Belgrade 2016}) 11... dxe4 12. Nxe4 Nd7 13. Qf3 Nf6 14. Be3 Qd7 15. a4 Rfd8 16. Rfd1 Rac8 17. a5 Qe8 18. axb6 axb6 19. Ra7 Nxe4 20. Qxe4 Bf6 21. Rb1 g6 22. h4 Rd6 23. f3 Qc6 24. Rb4 Be7 25. Qc2 f6 26. Qa2 Kf7 27. Rb1 Rdd8 28. Qb3 Kg7 29. Bf4 h6 30. Re1 Rd7 31. c5 Kf7 32. cxb6 cxb6 33. Ra6 Rb7 34. Raa1 g5 35. hxg5 hxg5 36. Bd2 g4 37. Re3 Rh8 38. c4 Rd7 39. Qc3 Rh5 40. Rae1 gxf3+ 41. Rxf3 Rc7 42. Qe3 Ra7 43. Qe2 ({Much worse is} 43. d5 exd5 44. g4 Rh8 $17) 43... Rd7 $18 (43... Rh7 $11 {and Black is okay.}) 44. d5 exd5 45. Rxf6+ Kxf6 1/2-1/2

[Event "European School-ch 2019"]
[Site "Mamaia"]
[Date "2019.06.05"]
[Round "6.20"]
[White "Durak, Can"]
[Black "Celik, Hasan Huseyin"]
[Result "0-1"]
[ECO "E62"]
[WhiteElo "1646"]
[BlackElo "1727"]
[Annotator "NA RC"]
[PlyCount "166"]
[EventDate "2019.05.31"]
[EventType "swiss"]
[EventCountry "ROU"]
[SourceTitle "playchess.com"]
[Source "ChessBase"]
[SourceQuality "1"]
[TimeControl "40/5400+30:1800+30"]

1. d4 Nf6 2. c4 g6 3. Nf3 Bg7 4. g3 O-O 5. Bg2 d6 6. O-O c6 7. Nc3 Qa5 8. Bd2 Qb6 9. b3 Nbd7 10. Bf4 Re8 11. Rc1 e5 12. dxe5 dxe5 13. Be3 Qc7 14. h3 Nf8 15. Bg5 Bf5 16. Bxf6 Bxf6 17. e4 Bd7 18. Qd2 Rad8 19. Qe3 Qa5 20. Rfd1 Ne6 21. Kh2 Bc8 22. Qe1 Bg7 23. Qe3 Nd4 24. Rd2 Nxf3+ 25. Bxf3 Rd4 26. Rcd1 Red8 27. Rd3 Qb6 28. Kg2 R8d7 29. Bg4 Rxd3 30. Rxd3 Rxd3 31. Qxd3 Bxg4 32. hxg4 Qd4 33. Qxd4 exd4 34. Na4 d3 35. Kf1 Bd4 36. b4 d2 37. Ke2 Bxf2 38. Kxd2 Bxg3 39. Nc5 b6 40. Nd7 Kg7 41. e5 h5 42. gxh5 gxh5 43. Ke2 f6 44. Nb8 c5 45. bxc5 Bxe5 46. Nc6 bxc5 47. Nxa7 Kg6 48. a4 Kf5 49. a5 Ke6 50. Nc8 Kd7 51. Nb6+ Kc6 52. Kf3 Kb7 53. Nd7 Bd4 54. Kg3 Ka6 55. Kh4 Kxa5 56. Kxh5 Kb4 57. Nb6 Kc3 58. Kg6 Be5 59. Kf5 Kd4 60. Ke6 Bc7 61. Nd7 Bd8 62. Kd6 f5 63. Nxc5 Be7+ 64. Ke6 f4 65. Kf5 f3 66. Ne4 Ke3 67. Ke5 Bc5 68. Kf5 Bd4 69. c5 Bxc5 70. Nc3 Bd4 71. Nd1+ Ke2 72. Kf4 Bg7 73. Kg3 Bf6 74. Kf4 Bg5+ 75. Kg4 Bd2 76. Kg3 Ba5 77. Kg4 Bb4 78. Kf4 Bd6+ 79. Ke4 Be5 80. Ne3 f2 81. Ng4 f1=Q 82. Nxe5 Qh3 83. Ng6 Qd3+ 0-1

[Event "European School-ch 2019"]
[Site "Mamaia"]
[Date "2019.06.05"]
[Round "6.21"]
[White "Samunenkov, Ihor"]
[Black "Sapocinic, Semion"]
[Result "1-0"]
[ECO "A45"]
[WhiteElo "1972"]
[BlackElo "1697"]
[Annotator "NA RC"]
[PlyCount "119"]
[EventDate "2019.05.31"]
[EventType "swiss"]
[EventCountry "ROU"]
[SourceTitle "playchess.com"]
[Source "ChessBase"]
[SourceQuality "1"]
[TimeControl "40/5400+30:1800+30"]

1. d4 Nf6 2. g3 d5 3. Nf3 Bf5 4. c4 c6 5. Nc3 e6 6. Nh4 {[%emt 0:00:12] D11: Slav Defence: 3 Nf3 sidelines and 3...Nf6 4 e3 Bg4} Bg4 7. f3 Bh5 8. Qb3 b6 $146 ({Predecessor:} 8... Qb6 9. c5 Qxb3 10. axb3 Nfd7 11. g4 Be7 12. Nf5 exf5 13. gxh5 {½-½ (50) Bluebaum,M (2632)-Soffer,R (2508) Minsk 2017}) 9. Be3 h6 10. Bf2 g5 11. Ng2 Bg6 12. h4 Bg7 13. g4 Nbd7 14. e3 a6 15. cxd5 cxd5 16. Be2 O-O 17. a4 Qc7 18. O-O Qb7 19. Bg3 Rac8 20. Rad1 Rc6 21. Be1 Rfc8 22. f4 Ne4 23. f5 Nxc3 24. Bxc3 Bh7 25. hxg5 hxg5 26. e4 Nf6 27. exd5 Nxd5 28. Bf3 Qd7 29. Bd2 Bxd4+ 30. Kh1 Bf6 31. Ne3 Rd8 32. Nxd5 exd5 33. Bb4 Rc4 34. Rxd5 Qc7 35. Rxd8+ Bxd8 {[%emt 0:00:42] [#]} 36. Bd6 $1 Qxd6 37. Qxc4 Bc7 38. Qe2 Kg7 39. Be4 Qg3 40. f6+ Kh6 41. Bxh7 Qh3+ (41... Kxh7 $142 42. Qg2 Qh4+ 43. Kg1 Bf4) 42. Kg1 Kxh7 $2 (42... Qg3+ 43. Qg2 Kxh7 44. Qxg3 Bxg3) 43. Qe4+ (43. Qc2+ $142 Kh6 44. Qxc7 Qxg4+ 45. Kf2 Qxa4 46. Qe5 Qh4+ 47. Kg2 Qg4+ 48. Qg3 Qe2+ 49. Rf2) 43... Kh6 44. Qh1 Qxh1+ 45. Kxh1 Bd6 46. Rf5 a5 47. Kg2 Bc5 48. Kf3 Bd4 49. b3 Kg6 50. Ke4 Bxf6 51. Rb5 Bd8 52. Ke5 Bf6+ 53. Kd5 Bc3 54. Rxb6+ f6 55. Ke6 Bd2 56. Rb8 $18 Kg7 57. Kf5 Bc3 58. Rb7+ Kf8 59. Kg6 Ke8 60. Rf7 1-0

[Event "European School-ch 2019"]
[Site "Mamaia"]
[Date "2019.06.05"]
[Round "6.22"]
[White "Zhelev, Nikolay"]
[Black "Krawczyk, Flawian"]
[Result "0-1"]
[ECO "E67"]
[WhiteElo "1710"]
[BlackElo "1795"]
[Annotator "NA RC"]
[PlyCount "92"]
[EventDate "2019.05.31"]
[EventType "swiss"]
[EventCountry "ROU"]
[SourceTitle "playchess.com"]
[Source "ChessBase"]
[SourceQuality "1"]
[TimeControl "40/5400+30:1800+30"]

1. Nf3 Nf6 2. c4 g6 3. g3 Bg7 4. Bg2 O-O 5. O-O d6 6. d4 Nbd7 7. Nc3 e5 8. dxe5 dxe5 9. Qc2 c6 10. e4 Qc7 11. h3 Nh5 12. b3 Rd8 13. Ba3 Nf8 14. Rad1 Be6 15. Ng5 h6 16. Nxe6 Nxe6 17. Ne2 Nf6 18. Kh1 Nh7 19. Qc3 Nhf8 20. c5 Rd7 21. Rd6 Rad8 22. Rfd1 Nd4 23. Nxd4 exd4 24. Qc4 Ne6 25. Rxd7 Rxd7 26. b4 a5 27. f4 g5 28. f5 Nf8 29. Rd3 Be5 30. g4 axb4 31. Bxb4 Nh7 32. Qc2 Nf6 33. Qe2 b6 34. Ra3 bxc5 35. Bxc5 Qd8 36. Qd3 h5 37. Bf3 hxg4 38. Bxg4 Nxg4 39. hxg4 f6 40. Qc4+ Kg7 41. Kg2 d3 42. Qb3 Qh8 43. Qe6 Qh2+ 44. Kf1 Qe2+ 45. Kg1 Qxg4+ 46. Kf1 Qh3+ 0-1

[Event "European School-ch 2019"]
[Site "Mamaia"]
[Date "2019.06.05"]
[Round "6.23"]
[White "Ciocani, Iosif"]
[Black "Gabulov, Ilkin"]
[Result "1/2-1/2"]
[ECO "A15"]
[WhiteElo "1740"]
[BlackElo "1288"]
[Annotator "NA RC"]
[PlyCount "100"]
[EventDate "2019.05.31"]
[EventType "swiss"]
[EventCountry "ROU"]
[SourceTitle "playchess.com"]
[Source "ChessBase"]
[SourceQuality "1"]
[TimeControl "40/5400+30:1800+30"]

1. c4 Nf6 2. Nf3 e6 3. g3 d5 4. cxd5 exd5 5. Bg2 Bd6 6. O-O O-O 7. b3 c6 8. Bb2 Re8 9. d3 Nbd7 10. Nbd2 Ne5 11. Re1 Bd7 12. Nxe5 Bxe5 13. Bxe5 Rxe5 14. e4 Qb6 15. Nf3 Ree8 16. e5 Ng4 17. d4 Nh6 18. Qd2 Nf5 19. g4 Ne7 20. h3 Ng6 21. Rac1 a5 22. Nh2 Qb4 23. Qd3 a4 24. Nf3 Nf4 25. Qe3 Ne6 26. Red1 b5 27. Nh4 g6 28. f4 Qa3 29. f5 Ng7 30. f6 Ne6 31. Nf3 Qf8 32. b4 a3 33. Rb1 Ra4 34. Qd2 Nc7 35. Ne1 Na8 36. Nd3 Nb6 37. Nc5 Ra7 38. Bf1 Rb8 39. Be2 Na4 40. Nd3 h6 41. Nf4 Nb2 42. Rxb2 axb2 43. Qxb2 Rba8 44. Ra1 Qc8 45. Bd1 Ra3 46. Bb3 g5 47. Ng2 Qf8 48. Ne1 Qxb4 49. Nd3 Qa5 50. Nc5 Qb4 1/2-1/2

[Event "European School-ch 2019"]
[Site "Mamaia"]
[Date "2019.06.05"]
[Round "6.24"]
[White "Kotolashvili, Davit"]
[Black "Butolo, Alexandru-Mircea"]
[Result "1/2-1/2"]
[ECO "B27"]
[WhiteElo "1374"]
[BlackElo "1553"]
[Annotator "NA RC"]
[PlyCount "50"]
[EventDate "2019.05.31"]
[EventType "swiss"]
[EventCountry "ROU"]
[SourceTitle "playchess.com"]
[Source "ChessBase"]
[SourceQuality "1"]
[TimeControl "40/5400+30:1800+30"]

1. e4 c5 2. Nf3 g6 3. c3 d5 4. exd5 Qxd5 5. d4 Bg7 6. Na3 cxd4 7. Nb5 Na6 8. Nbxd4 Nf6 9. Bxa6 bxa6 10. O-O O-O 11. Re1 e6 12. Bf4 Bb7 13. Be5 Rad8 14. Qb3 Rc8 15. Rad1 Ba8 16. Qa3 Qb7 17. Qb3 Qd5 18. Nc2 Qxb3 19. axb3 Rfd8 20. Nfd4 Bb7 21. Ne3 Nd5 22. Bxg7 Kxg7 23. Nc4 Nf4 24. f3 Bd5 25. Ne3 Bb7 1/2-1/2

[Event "European School-ch 2019"]
[Site "Mamaia"]
[Date "2019.06.05"]
[Round "6.25"]
[White "Gusev, Mikhail"]
[Black "Akkas, Doruk"]
[Result "1-0"]
[ECO "B76"]
[WhiteElo "1463"]
[BlackElo "1565"]
[Annotator "NA RC"]
[PlyCount "55"]
[EventDate "2019.05.31"]
[EventType "swiss"]
[EventCountry "ROU"]
[SourceTitle "playchess.com"]
[Source "ChessBase"]
[SourceQuality "1"]
[TimeControl "40/5400+30:1800+30"]

1. e4 c5 2. Nf3 Nc6 3. d4 cxd4 4. Nxd4 g6 5. Nc3 Bg7 6. Be3 Nf6 7. f3 O-O 8. Qd2 d6 9. O-O-O Nxd4 10. Bxd4 Be6 11. g4 Qa5 12. Kb1 Rfb8 13. g5 Nd7 14. Nd5 Qd8 15. Bxg7 Kxg7 16. Qc3+ Kg8 17. h4 Nb6 18. Nf4 Rc8 19. Qd2 Nc4 20. Bxc4 Rxc4 21. h5 gxh5 22. Rxh5 Rac8 23. Nxe6 fxe6 24. g6 hxg6 25. Qh6 gxh5 26. Rg1+ Kf7 27. Qg6+ Kf8 28. Qg8# 1-0

[Event "European School-ch 2019"]
[Site "Mamaia"]
[Date "2019.06.05"]
[Round "6.26"]
[White "Shek, Daniel"]
[Black "Cnejev, Vladimir-Alexandru"]
[Result "0-1"]
[ECO "D00"]
[WhiteElo "1438"]
[BlackElo "1970"]
[Annotator "NA RC"]
[PlyCount "50"]
[EventDate "2019.05.31"]
[EventType "swiss"]
[EventCountry "ROU"]
[SourceTitle "playchess.com"]
[Source "ChessBase"]
[SourceQuality "1"]
[TimeControl "40/5400+30:1800+30"]

1. d4 d5 2. Bf4 Nf6 3. e3 e6 4. Nd2 c5 5. Ngf3 Nc6 6. c3 Bd6 7. Bg3 O-O 8. Bd3 b6 9. e4 {[%emt 0:00:20] D02: 1 d4 d5 2 Nf3 sidelines, including 2...Nf6 3 g3 and 2...Nf6 3 Bf4} Be7 10. e5 Nh5 11. Qb1 $146 ({Predecessor:} 11. Nf1 cxd4 12. Nxd4 Nxd4 13. cxd4 g6 14. Ne3 f5 15. exf6 Bxf6 16. Be2 Nxg3 17. hxg3 {½-½ (37) Nakamura,H (2787)-Svidler,P (2760) Moscow 2018}) 11... h6 12. O-O Bb7 13. a3 a5 14. Rc1 Qc8 15. Bh4 Bxh4 16. Nxh4 Ba6 17. g3 g5 18. Nhf3 f5 19. exf6 $16 Rxf6 20. Bxa6 Qxa6 21. Ne5 Qe2 22. Ndf3 Nxe5 23. dxe5 Rxf3 24. Qg6+ Ng7 25. Rc2 Qxe5 0-1

[Event "European School-ch 2019"]
[Site "Mamaia"]
[Date "2019.06.05"]
[Round "6.27"]
[White "Magold, Filip"]
[Black "Conon, Catalin"]
[Result "1-0"]
[ECO "B32"]
[WhiteElo "1906"]
[BlackElo "1533"]
[Annotator "NA RC"]
[PlyCount "97"]
[EventDate "2019.05.31"]
[EventType "swiss"]
[EventCountry "ROU"]
[SourceTitle "playchess.com"]
[Source "ChessBase"]
[SourceQuality "1"]
[TimeControl "40/5400+30:1800+30"]

1. e4 c5 2. Nf3 Nc6 3. d4 cxd4 4. Nxd4 e5 5. Nb5 a6 6. N5c3 Nf6 7. Bg5 h6 8. Bxf6 Qxf6 9. Nd5 Qd8 10. Nd2 $11 Ne7 11. Nc4 Nc6 12. c3 b5 13. Ncb6 Rb8 14. Nxc8 Qxc8 15. a4 b4 16. Bxa6 Qd8 17. O-O bxc3 18. bxc3 Bc5 19. Qg4 Qg5 20. Nc7+ Kd8 21. Qxg5+ hxg5 22. Nd5 Ne7 23. Rfb1 Ra8 24. Bb7 Ra7 25. a5 f6 26. a6 Nxd5 27. Bxd5 Ke7 28. Rb7 Rha8 29. Rxa7 Rxa7 30. Bb7 Kd6 31. Kf1 g6 32. g4 Kc7 33. Rb1 Bb6 34. Ke2 Bc5 35. f3 Kd6 36. Rh1 Ke6 37. h4 gxh4 38. Rxh4 f5 39. gxf5+ gxf5 40. Rh6+ Kf7 41. exf5 Kg7 42. Rg6+ Kf7 43. Kd3 d6 44. Ke4 Ke7 45. Kd5 Kf7 46. Rxd6 Bxd6 47. Kxd6 Kf8 48. Kxe5 Ke7 49. c4 1-0

[Event "European School-ch 2019"]
[Site "Mamaia"]
[Date "2019.06.05"]
[Round "6.28"]
[White "Karimli, Yusif"]
[Black "Durucay, Uygar"]
[Result "1-0"]
[ECO "D34"]
[WhiteElo "1470"]
[BlackElo "1575"]
[Annotator "NA RC"]
[PlyCount "122"]
[EventDate "2019.05.31"]
[EventType "swiss"]
[EventCountry "ROU"]
[SourceTitle "playchess.com"]
[Source "ChessBase"]
[SourceQuality "1"]
[TimeControl "40/5400+30:1800+30"]

1. Nf3 d5 2. d4 Nf6 3. g3 e6 4. Bg2 c5 5. O-O Nc6 6. c4 Be7 7. Nc3 O-O 8. cxd5 exd5 9. dxc5 Bxc5 10. Bg5 d4 11. Ne4 Be7 12. Nxf6+ Bxf6 13. Bxf6 Qxf6 14. Qd2 Re8 15. Rfd1 Rd8 16. Rac1 Bf5 17. Qf4 d3 18. exd3 Bxd3 19. Qxf6 gxf6 20. Rd2 Be4 21. Rcd1 Rxd2 22. Rxd2 Rc8 23. h4 Kf8 24. Rd1 Bxf3 25. Bxf3 Ne5 26. Be4 h6 27. b3 Rc7 28. Rd8+ Kg7 29. Ra8 b6 30. Kg2 Nd7 31. a3 Nc5 32. Bd5 Rd7 33. Bc4 Ne4 34. b4 Nd6 35. Ba6 Ne4 36. Kf3 Re7 37. Rb8 Nd2+ 38. Kg2 Rc7 39. Ra8 Re7 40. a4 Ne4 41. a5 bxa5 42. bxa5 Nd6 43. Bf1 Kg6 44. a6 Rd7 45. Kf3 f5 46. Bd3 Rc7 47. Rd8 Nc8 48. g4 Kf6 49. Bxf5 Rc3+ 50. Kg2 Nb6 51. Rd6+ Kg7 52. Be4 Ra3 53. Bb7 Ra4 54. f3 Nc4 55. Rd3 Nb6 56. Kg3 Nc4 57. Rd7 Nb6 58. Rc7 Ra3 59. Rc6 Ra4 60. h5 Ra3 61. Rc7 {[%emt 0:01:14] f6 Kf4+} Kf8 {[%emt 0:16:59] Kf5 Rd3 Kxf6} 1-0

[Event "European School-ch 2019"]
[Site "Mamaia"]
[Date "2019.06.05"]
[Round "6.29"]
[White "Celik, Ali Alper"]
[Black "Zheng, Harry Z"]
[Result "0-1"]
[ECO "C54"]
[WhiteElo "1169"]
[BlackElo "1653"]
[Annotator "NA RC"]
[PlyCount "112"]
[EventDate "2019.05.31"]
[EventType "swiss"]
[EventCountry "ROU"]
[SourceTitle "playchess.com"]
[Source "ChessBase"]
[SourceQuality "1"]
[TimeControl "40/5400+30:1800+30"]

1. e4 e5 2. Nf3 Nc6 3. Bc4 Bc5 4. c3 Nf6 5. d4 exd4 6. e5 d5 7. Bb5 Ne4 8. cxd4 Bb6 9. Be3 Bd7 10. Qb3 Ne7 11. Bxd7+ Qxd7 12. Nc3 O-O 13. Nxe4 dxe4 14. Ng5 Qg4 15. O-O h6 16. f3 exf3 17. Nxf3 Nf5 18. e6 Qg6 19. exf7+ Qxf7 20. Qxf7+ Rxf7 21. Bf2 Rd7 22. Rad1 Rad8 23. Ne5 Rd6 24. Nc4 Rd5 25. Nxb6 cxb6 26. Rc1 Nxd4 27. Bxd4 Rxd4 28. Rc7 R4d7 29. Rfc1 Rxc7 30. Rxc7 Rd1+ 31. Kf2 Rd2+ 32. Ke3 Rxb2 33. Rxb7 Rxa2 34. Kf3 Ra5 35. g3 Kh7 36. Kg4 Kg6 37. h4 h5+ 38. Kh3 b5 39. Kh2 a6 40. Rb6+ Kf5 41. Rb7 g6 42. Rf7+ Ke6 43. Rg7 Kf6 44. Rb7 Ra4 45. Rb6+ Kg7 46. Rb7+ Kh6 47. Rb8 b4 48. Kh3 a5 49. Rh8+ Kg7 50. Rb8 Ra3 51. Rb7+ Kh6 52. Re7 b3 53. Re1 b2 54. Rb1 Rb3 55. Kg2 a4 56. Kf2 a3 0-1

[Event "European School-ch 2019"]
[Site "Mamaia"]
[Date "2019.06.05"]
[Round "6.30"]
[White "Ochedzan, Filip"]
[Black "Tutunculer, Cagan"]
[Result "1-0"]
[ECO "B76"]
[WhiteElo "1298"]
[BlackElo "1193"]
[Annotator "NA RC"]
[PlyCount "43"]
[EventDate "2019.05.31"]
[EventType "swiss"]
[EventCountry "ROU"]
[SourceTitle "playchess.com"]
[Source "ChessBase"]
[SourceQuality "1"]
[TimeControl "40/5400+30:1800+30"]

1. e4 c5 2. Nf3 d6 3. d4 cxd4 4. Nxd4 Nf6 5. Nc3 g6 6. Be3 Bg7 7. f3 O-O 8. Qd2 Nc6 9. g4 Bd7 10. O-O-O Rc8 11. h4 h5 12. gxh5 Nxh5 13. Rg1 Ne5 14. f4 Nc4 15. Bxc4 Rxc4 16. f5 Qe8 17. Rg2 gxf5 18. Qe2 Rxc3 19. bxc3 f6 20. exf5 Qf7 21. Rdg1 Kh7 22. Rg6 1-0

[Event "European School-ch 2019"]
[Site "Mamaia"]
[Date "2019.06.05"]
[Round "6.32"]
[White "Mammadli, Ali"]
[Black "Qalabegashvili, Data"]
[Result "0-1"]
[ECO "A00"]
[WhiteElo "1220"]
[BlackElo "1309"]
[Annotator "NA RC"]
[PlyCount "84"]
[EventDate "2019.05.31"]
[EventType "swiss"]
[EventCountry "ROU"]
[SourceTitle "playchess.com"]
[Source "ChessBase"]
[SourceQuality "1"]
[TimeControl "40/5400+30:1800+30"]

1. Nc3 c5 2. Nf3 Nc6 3. d4 cxd4 4. Nxd4 g6 5. g3 Bg7 6. Be3 d6 7. Bg2 Bd7 8. O-O Nf6 9. Qd2 O-O 10. Nb3 Rc8 11. Rad1 a6 12. Na4 Bf5 13. Nb6 Rc7 14. Nc4 Qe8 15. Bb6 Rc8 16. Rfe1 Nd7 17. c3 Be6 18. Bd5 Bxd5 19. Qxd5 Nxb6 20. Nxb6 Rd8 21. Nd4 Nxd4 22. cxd4 e6 23. Qb3 Qe7 24. e3 e5 25. d5 f5 26. Rc1 g5 27. Qc4 Rf7 28. Rc2 f4 29. e4 fxg3 30. hxg3 h5 31. Qe2 h4 32. Qg4 hxg3 33. Qxg3 Rdf8 34. Nc4 Rf4 35. Re3 b5 36. Na5 Qd7 37. Kf1 Qf7 38. Nb3 Qh5 39. Rd2 Rh4 40. Rdd3 Rff4 41. f3 g4 42. Nd2 Rh3 0-1

[Event "European School-ch 2019"]
[Site "Mamaia"]
[Date "2019.06.05"]
[Round "6.33"]
[White "Kumar, Sanjit S"]
[Black "Anghelescu, Teodor-Stefan"]
[Result "1/2-1/2"]
[ECO "B41"]
[WhiteElo "1392"]
[BlackElo "1266"]
[Annotator "NA RC"]
[PlyCount "83"]
[EventDate "2019.05.31"]
[EventType "swiss"]
[EventCountry "ROU"]
[SourceTitle "playchess.com"]
[Source "ChessBase"]
[SourceQuality "1"]
[TimeControl "40/5400+30:1800+30"]

1. e4 c5 2. Nf3 e6 3. d4 cxd4 4. Nxd4 a6 5. c4 Qc7 6. Nc3 Nf6 7. a3 Be7 8. Be2 b6 9. Be3 Bb7 10. f3 d6 11. O-O Nbd7 12. Qd2 O-O 13. Rfd1 Rfe8 14. Rac1 Rac8 15. b4 Qb8 16. Qe1 Bd8 17. Qf2 Bc7 18. Kh1 Qa8 19. Nc2 Qb8 20. Na4 Ba8 21. c5 dxc5 22. bxc5 b5 23. Nc3 Bf4 24. Bxf4 Qxf4 25. Nb4 Nxc5 26. Qe1 h5 27. Nxa6 Nxa6 28. Bxb5 Nc7 29. Bxe8 Ncxe8 30. Ne2 Qb8 31. Rxc8 Qxc8 32. Qc3 Qxc3 33. Nxc3 Kf8 34. Kg1 Ke7 35. Kf2 g5 36. Ke3 e5 37. a4 Nd6 38. Kd3 Kd7 39. Nb5 Nxb5 40. axb5 Kc7 41. Kc4 Nd7 42. h3 1/2-1/2

[Event "European School-ch 2019"]
[Site "Mamaia"]
[Date "2019.06.05"]
[Round "6.34"]
[White "Paunescu, Stefan-Vlad"]
[Black "Kumar, Soham"]
[Result "1-0"]
[ECO "A45"]
[WhiteElo "1358"]
[BlackElo "1393"]
[Annotator "NA RC"]
[PlyCount "119"]
[EventDate "2019.05.31"]
[EventType "swiss"]
[EventCountry "ROU"]
[SourceTitle "playchess.com"]
[Source "ChessBase"]
[SourceQuality "1"]
[TimeControl "40/5400+30:1800+30"]

1. d4 Nf6 2. Nc3 d5 3. Bf4 Bf5 4. f3 e6 5. g4 Bg6 6. h4 h6 7. h5 Bh7 8. e3 Bd6 9. Nh3 Nc6 10. a3 a6 11. Bd3 Qe7 12. Qe2 Na5 13. e4 dxe4 14. fxe4 e5 15. dxe5 Bxe5 16. Bxe5 Qxe5 17. O-O-O O-O-O 18. Bxa6 Rde8 19. Bd3 Re6 20. Nf2 Rhe8 21. Rhg1 Nc6 22. Bc4 R6e7 23. Nd5 Nxd5 24. Bxd5 Qf6 25. Rgf1 Qh4 26. Bxc6 bxc6 27. Qa6+ Kb8 28. Rd3 Qg5+ 29. Kb1 Re5 30. Rb3+ Rb5 31. Qxc6 Ree5 32. Nh3 Rxb3 33. Nxg5 Rb6 34. Qc3 Rxg5 35. Rxf7 Rb7 36. Rxg7 Bxe4 37. Rxg5 hxg5 38. h6 Rb6 39. h7 Bxh7 40. Qh8+ Kb7 41. Qxh7 Kc8 42. Qf5+ Kd8 43. Qxg5+ Ke8 44. Qe5+ Kf8 45. Qxc7 Rg6 46. Qf4+ Kg7 47. a4 Ra6 48. a5 Kg6 49. Qc7 Kg5 50. Qb6 Ra8 51. a6 Kxg4 52. a7 Kf5 53. Qb5+ Kg4 54. Qe2+ Kf5 55. Qf3+ Ke6 56. Qxa8 Kd7 57. Qb7+ Kd6 58. a8=Q Kc5 59. Qd5+ Kb4 60. c3# 1-0